 Dungeon Crawl Stone Soup version 0.23-a0-625-g1d2cd9b (webtiles) character file.

66 Lanoc the Conjurer (level 3, -2/28 HPs)
             Began as a Deep Dwarf Air Elementalist on Dec 24, 2018.
             Was a Believer of Lugonu.
             Slain by a leopard gecko (4 damage)
             ... on level 2 of the Dungeon.
             The game lasted 00:04:27 (652 turns).

Lanoc the Conjurer (Deep Dwarf Air Elementalist)     Turns: 652, Time: 00:04:28

Health: -2/28      AC:  2    Str: 11    XL:     3   Next: 96%
Magic:  2/6        EV: 12    Int: 16    God:    Lugonu [**....]
Gold:   45         SH:  0    Dex: 13    Spells: 5/6 levels left

rFire    . . .     SeeInvis .   (no weapon)
rCold    . . .     Gourm    .   (no shield)
rNeg     . . .     Faith    .   a - +0 robe
rPois    .         Spirit   .   (no helmet)
rElec    .         Reflect  .   (no cloak)
rCorr    .         Harm     .   (no gloves)
MR       .....                  (no boots)
Stlth    ++........             (no amulet)
HPRegen  0.00/turn              (no ring)
MPRegen  0.10/turn              (no ring)

@: lethally poisoned (-2 -> -2), very slightly contaminated, non-regenerating
A: damage resistance, heal wounds, sense surroundings 1, no regeneration
a: Heal Wounds, Depart the Abyss, Bend Space, Renounce Religion


You were on level 2 of the Dungeon.
You worshipped Lugonu.
Lugonu was pleased with you.
You were not hungry.

You visited 1 branch of the dungeon, and saw 2 of its levels.

You collected 45 gold pieces.

Inventory:

Armour
 a - a +0 robe (worn)
Scrolls
 d - 2 scrolls of remove curse {unknown}
 e - a scroll of blinking {unknown}
 f - a scroll of enchant armour {unknown}
 g - a scroll of enchant weapon {unknown}
Comestibles
 b - a chunk of flesh
 c - 3 rations


   Skills:
 - Level 2.1 Dodging
 - Level 2.4 Stealth
 + Level 2.4 Spellcasting
 * Level 2.9 Conjurations
 - Level 2.1 Air Magic


You had 5 spell levels left.
You knew the following spells:

 Your Spells              Type           Power        Failure   Level  Hunger
a - Shock                 Conj/Air       ##..         7%          1    #......

Your spell library contained the following spells:

 Spells                   Type           Power        Failure   Level  Hunger
 Swiftness                Chrm/Air       #.......     19%         2    ###....
 Static Discharge         Conj/Air       ##......     21%         3    ###....
 Airstrike                Air            #.........   63%         4    #####..
 Lightning Bolt           Conj/Air       ##........   88%         5    ######.


Dungeon Overview and Level Annotations

Branches:
Dungeon (2/15)

Altars:
Nemelex Xobeh
Lugonu


Innate Abilities, Weirdness & Mutations

You are resistant to damage.
You can heal yourself by infusing magical energy.
You passively map a small area around you.
You do not regenerate.


Message History

The adder is almost dead.
The adder bites you.
* * * LOW HITPOINT WARNING * * *
You hit the adder but do no damage.
The adder is almost dead.
The adder bites you.
* * * LOW HITPOINT WARNING * * *
You hit the adder.
You kill the adder!
Lugonu accepts your kill.
You aren't carrying any potions.
You see here an adder corpse.
You butcher the adder corpse.
b - a chunk of flesh You see here an adder skeleton.
An adder comes into view.
The leopard gecko bites you but does no damage.
The leopard gecko bites you but does no damage.
The leopard gecko bites you.
You die...

, #,* **##### #.#######
.S..######### *#[......#
#.#.........# ....#[#
##.#.........## *##...#
#.............. #....#
#.............##
#####.#.########..............
........[..÷....@.............
########.########l#.$.......#,
#......# #...........#. *
####.##.#.#### #.###.........
.....##.#....####.# #.<†......
.....##.#..#(.....# #.#.#.#.#.
, ......#.......###.# #.......
...)..###..(..# #.# #####S...
......# #.#...###.# ####


You could see an adder (sleeping) and a leopard gecko.

Vanquished Creatures
  3 adders (D:2)
  A dart slug (D:2)
  A leopard gecko (D:1)
  9 bats
  3 giant cockroaches
  5 goblins (D:1)
  5 hobgoblins (D:1)
  5 frilled lizards
  3 kobolds
  2 rats (D:1)
37 creatures vanquished.

Notes
Turn   | Place    | Note
-------+----------+-------------------------------------------
     0 | D:1      | Lanoc the Deep Dwarf Air Elementalist began the quest for
                  | the Orb.
     0 | D:1      | Reached XP level 1. HP: 15/15 MP: 3/3
    14 | D:1      | Reached skill level 1 in Conjurations
   138 | D:1      | Reached XP level 2. HP: 17/22 MP: 0/5
   399 | D:1      | Reached XP level 3. HP: 21/28 MP: 0/6
   508 | D:2      | Found a sparkling altar of Nemelex Xobeh.
   525 | D:2      | Found a faded altar of an unknown god.
   538 | D:2      | Became a worshipper of Lugonu the Unformed
   538 | D:2      | Reached * piety under Lugonu
   538 | D:2      | Reached ** piety under Lugonu
   652 | D:2      | Slain by a leopard gecko

Vault maps used:
D:1:      lightli_arrival_lavapool
D:2:      nemelex_xobeh_ov_fountains_minmay,
          chequers_ecumenical_altar_simple_redux, minmay_tripent

Skill      XL: |  1  2 |
---------------+-------+-----
Conjurations   | 1 2 |  2.9
Spellcasting   | 2 |  2.4
Dodging        | |  2.1
Stealth        | |  2.4
Air Magic      | |  2.1

Action                   || total
-------------------------++-------
Melee: Unarmed           ||    66
 Cast: Shock             ||    49
Armor: Robe              ||    21
Dodge: Dodged            ||    66

Table legend:
 A = Non-vault XP
 B = Vault XP
 C = Vault XP percentage of total XP
 D = Non-vault monster count
 E = Vault monster count
 F = Vault count percentage of total count
                 A         B        C        D         E       F
            +---------+---------+-------+---------+---------+-------
      Total |      95 |       0 |   0.0 |      37 |       0 |   0.0
            +---------+---------+-------+---------+---------+-------
        D:1 |      41 |       0 |   0.0 |      25 |       0 |   0.0
        D:2 |      54 |       0 |   0.0 |      12 |       0 |   0.0
            +---------+---------+-------+---------+---------+-------
